 Dungeon Crawl Stone Soup version 0.31-a0-486-g8d68a81214 (webtiles) character file.

Game seed: 14304219155274112987

410 LeprechaunX the Ruffian (level 6, -2/42 HPs)
             Began as an Octopode Shapeshifter on Aug 7, 2023.
             Slain by a gnoll
             ... wielding a +0 flail
              (5 damage)
             ... on level 4 of the Dungeon.
             The game lasted 00:03:37 (2586 turns).

LeprechaunX the Ruffian (Octopode Shapeshifter)     Turns: 2586, Time: 00:03:38

Health: -2/42      AC:  1    Str: 16    XL:     6   Next: 89%
Magic:  6/6        EV: 14    Int: 10    God:
Gold:   256        SH:  0    Dex: 13    Spells: 5/5 levels left

rFire   . . .        a - +5 quarterstaff of Fury {flame, Will+}
rCold   . . .        (shield currently unavailable)
rNeg    . . .        (helmet currently unavailable)
rPois   .            (no amulet)
rElec   .            (no ring)
rCorr   .            (no ring)
SInv    .            (no ring)
Will    +....        (no ring)
Stlth   ++           (no ring)
HPRegen 0.27/turn    (no ring)
MPRegen 0.10/turn    (no ring)
                     (no ring)

%: no passive effects
@: beast-form
A: beast (slay +2), almost no armour, amphibious, 8 rings, camouflage 1,
gelatinous body 1, (nimble swimmer 1), tentacles
a: Begin Untransformation


You were on level 4 of the Dungeon.
You were a hulking beast.
You visited 1 branch of the dungeon, and saw 4 of its levels.

You collected 256 gold pieces.

Inventory:

Hand Weapons
 a - the +5 quarterstaff of Fury (weapon) {flame, Will+}
   (You found it on level 2 of the Dungeon)

   Will:      It increases your willpower.
Talismans
 b - a beast talisman (active)
Wands
 f - a wand of light (11) (quivered)
 q - a wand of roots (5)
Scrolls
 c - 3 scrolls of amnesia {unknown}
 e - 3 scrolls of identify {unknown}
 g - a scroll of noise {unknown}
 k - 2 scrolls of fog {unknown}
 m - a scroll of torment {unknown}
 r - a scroll of teleportation {unknown}
Potions
 d - a potion of cancellation {unknown}
 h - a potion of resistance {unknown}
 i - 3 potions of curing {unknown}
 j - 2 potions of brilliance {unknown}
 l - a potion of lignification
 n - a potion of heal wounds {unknown}
 o - a potion of attraction {unknown}
 p - a potion of degeneration {unknown}


   Skills:
 + Level 3.1 Fighting
 + Level 2.0 Staves
 + Level 3.6 Dodging
 + Level 4.7 Unarmed Combat
 + Level 3.8 Shapeshifting


You had 5 spell levels left.
You didn't know any spells.
Your spell library contained the following spells:

 Spells                   Type           Power      Damage    Failure   Level
 Slow                     Hex            0%         N/A       36%         1
 Ensorcelled Hibernation  Hex/Ice        0%         N/A       50%         2
 Passwall                 Tmut/Erth      0%         N/A       50%         2
 Poisonous Vapours        Pois/Air       0%         N/A       50%         2
 Static Discharge         Conj/Air       0%         2-2/arc   50%         2
 Sublimation of Blood     Necr           0%         N/A       50%         2
 Wereblood                Tmut           0%         N/A       50%         2
 Confusing Touch          Hex            0%         N/A       75%         3
 Mephitic Cloud           Conj/Pois/Air  0%         N/A       75%         3
 Swiftness                Air            0%         N/A       75%         3
 Vampiric Draining        Necr           0%         2d6       75%         3
 Freezing Cloud           Conj/Ice/Air   0%         6-21      100%        5
 Dispersal                Tloc           0%         N/A       100%        6
 Plasma Beam              Fire/Air       0%         2x1d10    100%        6
 Summon Hydra             Summ           0%         N/A       100%        7


Dungeon Overview and Level Annotations

Branches:
Dungeon (4/15)
 Temple: D:4-7

Altars:
Trog


Innate Abilities, Weirdness & Mutations

You are a hulking beast.
Your limbs bulge with bestial killing power. (Slay +2)
You cannot wear most types of armour.
You are amphibious.
You can wear up to eight rings at the same time.
Your skin changes colour to match your surroundings (Stealth+).
Your rubbery body absorbs attacks. (AC +1, EV +1)
((You are camouflaged when in or above water. (Stealth+)))
You have tentacles for arms and can constrict up to eight enemies at once.


Message History

The goblin shoots a sling bullet.
The sling bullet hits you. The ball python completely misses you.
The ball python grabs you. The ball python constricts you.
You completely miss the ball python. You grab the ball python.
You constrict the ball python. The ball python bites you.
The ball python constricts you.
The goblin shoots a sling bullet.
The sling bullet hits you.
You sock the ball python! You burn the ball python.
You kill the ball python!
The goblin shoots a sling bullet.
The sling bullet hits you but does no damage.
You hear a shout!
A gnoll comes into view. It is wielding a +0 flail.
The gnoll shouts!
The goblin shoots a sling bullet.
The sling bullet hits you.
The gnoll moves out of view.
A gnoll comes into view. It is wielding a +0 flail.
The gnoll shouts!
A gnoll comes into view. It is wielding a +0 whip.
The gnoll shouts!
The goblin shoots a sling bullet.
The sling bullet barely misses you.
A gnoll comes into view. It is wielding a +0 club.
The gnoll hits you with a +0 flail!
You are too injured to fight recklessly!
You are too injured to fight recklessly!
Unknown command.
You sock the gnoll! You burn the gnoll.
You kill the gnoll!
The goblin unwields a +0 sling.
The goblin wields a +0 dagger.
The goblin misses you.
Your Staves skill increases to level 2!
Unknown command.
You sock the goblin! You burn the goblin.
You kill the goblin!
The gnoll hits you with a +0 flail!
* * * LOW HITPOINT WARNING * * *
Unknown command.
The gnoll attacks as you move away! The gnoll barely misses you.
The gnoll attacks as you move away! The gnoll hits you with a +0 flail.
You die...

..# #......###........# #.#
# ........####.##.....# #.#
.# #######.##.#.# .#.#.#
#.####.# #......# .#.#.#
.......#### #..#.####.#.
.......##...####..#........
#...........$..#..<........
#......... #†.......##.##
.......... #..h.....## #
#......... ##.#g........
#.####.... +....g....###
#'## ###. #...g.....# ...#
.......))#.### ...#
####.......# ...#######
#....##.# #.........
....... .#
#..#########.....# #


You could see 3 gnolls.

Vanquished Creatures
  Grinder (D:4)
  Crazy Yiuf (D:2)
  A hound (D:3)
  Robin (D:4)
  A gnoll (D:4)
  3 adders
  A worm (D:2)
  2 dart slugs
  5 orcs
  7 bats
  6 endoplasms
  8 giant cockroaches
  18 goblins
  6 hobgoblins
  8 jackals
  4 quokkas
  6 ball pythons
  7 frilled lizards
  6 kobolds
  6 rats
98 creatures vanquished.

Notes
Turn   | Place    | Note
-------+----------+-------------------------------------------
     0 | D:1      | LeprechaunX the Octopode Shapeshifter began the quest for
                  | the Orb.
     0 | D:1      | Reached XP level 1. HP: 13/13 MP: 1/1
    72 | D:1      | Reached XP level 2. HP: 14/18 MP: 2/2
   341 | D:1      | Reached XP level 3. HP: 17/23 MP: 3/3
   804 | D:2      | Reached XP level 4. HP: 20/29 MP: 4/4
   960 | D:2      | Reached skill level 4 in Unarmed Combat
  1056 | D:2      | Got the Guidebook on the Discontinuous Cumulonimbus
  1069 | D:2      | Found a bloodstained altar of Trog.
  1202 | D:2      | Identified the +5 quarterstaff of Fury {flame, Will+}
  1347 | D:2      | Found a runed translucent door.
  1348 | D:2      | Noticed Crazy Yiuf
  1386 | D:2      | Killed Crazy Yiuf
  1387 | D:2      | Reached XP level 5. HP: 18/34 MP: 5/5
  1887 | D:3      | You fall into a shaft and drop 1 floor!
  1966 | D:3      | Reached skill level 1 in Staves
  2282 | D:4      | Noticed Grinder
  2291 | D:4      | Killed Grinder
  2292 | D:4      | Reached XP level 6. HP: 26/42 MP: 6/6
  2404 | D:4      | Noticed Robin
  2432 | D:4      | Killed Robin
  2582 | D:4      | HP: 2/42 [gnoll/+0 flail (14)]
  2586 | D:4      | Slain by a gnoll

Illustrated notes

Levels and vault maps discovered:
D:1:      scummos_arrival_simple_fountains, layout_basic, chequers_garden
D:2:      layout_rooms, basic_altar, st_stairs_9, minmay_heptomino_w4,
          uniq_crazy_yiuf_cottage
D:3:      minmay_wonky_spiral, layout_rooms, fountainhead
D:4:      layout_basic, minmay_temple_entry_poolview, uniq_robin, uniq_grinder

Skill      XL: |  1  2  3  4  5  6 |
---------------+-------------------+-----
Fighting       | 2 3 |  3.1
Unarmed Combat | 4 |  4.7
Dodging        | 3 |  3.6
Staves         | 1 2 |  2.0
Shapeshifting  | |  3.8

Action                     |  1- 3 |  4- 6 || total
---------------------------+-------+-------++-------
  Melee: Unarmed           |    73 |    30 ||   103
         Constrict         |    17 |    22 ||    39
         Tentacles         |     7 |    14 ||    21
         Punch             |     1 |     5 ||     6
         Quarterstaff      |       |    61 ||    61
  Evoke: Wand              |       |     2 ||     2
   Stab: Sleeping          |     6 |     6 ||    12
         Invisible         |       |     1 ||     1
 Armour: Skin              |     5 |     4 ||     9
  Dodge: Dodged            |    46 |    50 ||    96

Table legend: (Time is in decaauts)
 A = Elapsed time spent in this place.
 B = Non-inter-level travel time spent in this place.
 C = Inter-level travel time spent in this place.
 D = Time resting spent in this place.
 E = Time spent auto-exploring this place.
 F = Levels seen in this place.
 G = Mean time per level.
                   A        B        C        D        E       F      G
               +--------+--------+--------+--------+--------+-----+--------+
         Total |   2592 |   2560 |     32 |    246 |   1811 |   4 |  648.0 |
       Dungeon |   2592 |   2560 |     32 |    246 |   1811 |   4 |  648.0 |
               +--------+--------+--------+--------+--------+-----+--------+

Top non-repeatable levels by time:
     D:1: 773 daAuts
     D:3: 716 daAuts
     D:2: 705 daAuts
     D:4: 396 daAuts
